 Dungeon Crawl Stone Soup version 0.28-a0-69-g49dcd67cf8 (webtiles) character file.

Game seed: 7860609957244258474

6773 emm the Cleaver (level 10, -2/84 HPs)
             Began as a Demonspawn Gladiator on July 31, 2021.
             Was an Elder of Okawaru.
             Slain by a skeletal warrior (5 damage)
             ... led by a skeletal warrior
             ... on level 9 of the Dungeon.
             The game lasted 00:19:30 (10949 turns).

emm the Cleaver (Demonspawn Gladiator)             Turns: 10949, Time: 00:19:32

Health: -2/84      AC: 13    Str: 16    XL:     10   Next: 76%
Magic:  10/12      EV: 21    Int:  9    God:    Okawaru [****..]
Gold:   496        SH:  0    Dex: 17    Spells: 9/9 levels left

rFire   . . .      SeeInvis .   a - +0 war axe
rCold   . . .      Faith    .   (no shield)
rNeg    . . .      Spirit   .   B - +1 steam dragon scales
rPois   .          Reflect  .   K - +1 hat {Stlth+}
rElec   .          Harm     .   w - +2 cloak
rCorr   .          Rampage  .   G - +0 pair of gloves
Will    .....                   (no boots)
Stlth   +++++.....              (no amulet)
HPRegen 0.24/turn               (no ring)
MPRegen 0.13/turn               (no ring)

@: heroic
A: talons 2, repulsion field 1, robust 1, spiny 2, demonic magic 1
a: Renounce Religion, Heroism


You were on level 9 of the Dungeon.
You worshipped Okawaru.
Okawaru was greatly pleased with you.
You visited 2 branches of the dungeon, and saw 10 of its levels.
You also visited: Bailey.

You collected 520 gold pieces.
You spent 24 gold pieces at shops.

Inventory:

Hand Weapons
 a - a +0 war axe (weapon)
 m - the +1 battleaxe "Buebotus" {venom, Will+ rCorr Str-4 Int+4}
   (You found it on level 3 of the Dungeon)

   It poisons the flesh of those it strikes.
   Str:       It affects your strength (-4).
   Int:       It affects your intelligence (+4).
   rCorr:     It protects you from acid and corrosion.
   Will:      It increases your willpower.
Missiles
 d - 2 throwing nets (quivered)
Armour
 b - a +0 leather armour
 c - a +0 helmet
 r - a +3 leather armour
 w - a +2 cloak (worn)
 B - +1 steam dragon scales (worn)
 G - a +0 pair of gloves (worn)
 K - a +1 hat of stealth (worn)
Wands
 A - a wand of iceblast (7)
 E - a wand of acid (11)
 I - a wand of mindburst (10)
Scrolls
 e - 2 scrolls of vulnerability {unknown}
 f - 4 scrolls of immolation {unknown}
 i - 4 scrolls of amnesia {unknown}
 l - a scroll of enchant armour {unknown}
 n - 8 scrolls of teleportation {unknown}
 q - a scroll of noise {unknown}
 x - a scroll of brand weapon {unknown}
 y - a scroll of acquirement {unknown}
 z - 2 scrolls of magic mapping {unknown}
 C - a scroll of enchant weapon {unknown}
 D - a scroll of fear {unknown}
 F - a scroll of fog {unknown}
 J - a scroll of holy word {unknown}
Potions
 g - 2 potions of magic
 h - 4 potions of brilliance
 j - 3 potions of might
 k - a potion of curing {unknown}
 o - a potion of ambrosia {unknown}
 p - 2 potions of attraction {unknown}
 t - 4 potions of flight
 u - a potion of cancellation {unknown}
 v - a potion of heal wounds {unknown}
 H - a potion of haste {unknown}


   Skills:
 + Level 6.6(11.6) Fighting
 + Level 10.9(15.9) Axes
 + Level 1.9(6.9) Throwing
 + Level 4.3(9.3) Armour
 + Level 6.8(11.8) Dodging
 + Level 4.2(9.2) Stealth
 + Level 2.6 Invocations


You had 9 spell levels left.
You didn't know any spells.
Your spell library contained the following spells:

 Spells                   Type           Power      Damage    Failure   Level
 Sting                    Tmut/Pois      0%         1d3       38%         1
 Portal Projectile        Hex/Tloc       0%         N/A       77%         3
 Ice Form                 Ice/Tmut       0%         N/A       99%         4
 Petrify                  Tmut/Erth      0%         N/A       99%         4
 Summon Lightning Spire   Summ/Air       0%         N/A       99%         4
 Blade Hands              Tmut           0%         N/A       100%        5
 Excruciating Wounds      Necr           0%         N/A       100%        5
 Storm Form               Tmut/Air       0%         N/A       100%        7


Dungeon Overview and Level Annotations

Branches:
Dungeon (9/15)             Temple (1/1) D:5            Lair (0/6) D:9
 Bailey (visited)
    Orc: D:9-12

Altars:
Ashenzari
Dithmenos
Fedhas
Gozag
Kikubaaqudgha
Makhleb
Okawaru
Qazlal
Ru
Uskayaw
Zin
The Shining One

Shops:
D:4 ([((   D:6 ?[?[*:   D:7 ?


Innate Abilities, Weirdness & Mutations

You have razor-sharp toenails.
You are surrounded by a mild repulsion field. (EV +2)
You are robust. (+10% HP)
You are mostly covered in sharp spines.
Spells you cast may paralyse adjacent enemies.


Message History

The skeletal warrior misses you.
You hit the skeletal warrior.
You claw the skeletal warrior, but do no damage.
The skeletal warrior is severely damaged.
You closely miss the skeletal warrior. You claw the skeletal warrior.
The skeletal warrior is almost destroyed.
The skeletal warrior hits you with a +1 vorpal battleaxe!
You slash the skeletal warrior! Your kick misses the skeletal warrior.
The skeletal warrior is almost destroyed.
The skeletal warrior hits you but does no damage.
Unknown command.
You hit the skeletal warrior but do no damage.
The skeletal warrior is almost destroyed.
You hit the skeletal warrior but do no damage.
You claw the skeletal warrior, but do no damage.
The skeletal warrior is almost destroyed.
You feel like a meek peon again.
The skeletal warrior closely misses you.
You hit the skeletal warrior but do no damage.
You claw the skeletal warrior, but do no damage.
The skeletal warrior is almost destroyed.
The skeletal warrior hits you with a +1 vorpal battleaxe.
* * * LOW HITPOINT WARNING * * *
x2 You gain the combat prowess of a mighty hero.
The skeletal warrior barely misses you.
You hit the skeletal warrior but do no damage.
Your kick misses the skeletal warrior.
The skeletal warrior is almost destroyed.
The skeletal warrior is struck by your spines.
The skeletal warrior completely misses you.
You hit the skeletal warrior but do no damage.
You punch the skeletal warrior, but do no damage.
The skeletal warrior is almost destroyed.
You barely miss the skeletal warrior.
You claw the skeletal warrior, but do no damage.
Your punch misses the skeletal warrior.
The skeletal warrior is almost destroyed.
The skeletal warrior hits you with a +1 vorpal battleaxe!!
* * * LOW HITPOINT WARNING * * *
You die...

#..........######
####..........#....# ..
#.........)...#....# ...
#.................#
.....####.....รท.........#
.....#.##.....######....#
..................[......
........z.#[[...#####.[##
.>......@)......# ##...
............).).[...# ###[[
.......P......#....(# ##...)
#.......#..#.###[..####..##.
#...... ##.#.###........###.
#.... #........#..........
.###...###..#.###....#......#
............#.#......#......#
#####..###.....###..<......#


You could see a skeletal warrior.

Vanquished Creatures
  A two-headed ogre (D:9)
  A deep elf pyromancer (D:8)
  Maggie (D:8)
  A kobold demonologist (D:8)
  A troll (D:9)
  Prince Ribbit (D:7)
  A hornet (D:8)
  Menkaure (D:6)
  3 wargs
  2 water moccasins
  2 ice beasts (D:7)
  5 orc warriors
  A necrophage (D:7)
  8 ogres
  2 centaurs (D:8)
  2 phantoms
  2 kobold brigands (D:8)
  3 bullfrogs
  A gnoll sergeant (D:9)
  A scorpion (D:6)
  3 wights (D:6)
  4 howler monkeys
  4 centaur zombies
  2 centaur skeletons
  6 gnoll shamans (D:8)
  8 orc priests
  5 hounds
  A jelly (D:5)
  Jessica (D:2)
  2 iguanas (D:5)
  5 orc wizards
  A killer bee zombie (D:8)
  A hound zombie (D:5)
  2 howler monkey skeletons (D:7)
  18 gnolls
  6 adders
  A shadow imp (D:6)
  A white imp (D:5)
  3 ufetubi
  2 worms
  2 dart slugs
  28 orcs
  8 ball pythons
  5 bats
  5 endoplasms
  A giant cockroach (D:1)
  7 goblins
  3 hobgoblins
  8 jackals
  14 kobolds
  5 quokkas
  8 frilled lizards
  11 rats
221 creatures vanquished.

Vanquished Creatures (others)
  6 fungi (D:8)
  13 plants
19 creatures vanquished.

Grand Total: 240 creatures vanquished

Notes
Turn   | Place    | Note
-------+----------+-------------------------------------------
     0 | D:1      | emm the Demonspawn Gladiator began the quest for the Orb.
     0 | D:1      | Reached XP level 1. HP: 16/16 MP: 1/1
    30 | D:1      | Reached skill level 3 in Axes
    85 | D:1      | Gained mutation: Spells you cast may paralyse adjacent
                  | enemies. [demonic ancestry]
    85 | D:1      | Reached XP level 2. HP: 22/22 MP: 2/2
    99 | D:1      | Found a faded altar of an unknown god.
   646 | D:4      | Noticed a howler monkey
   649 | D:4      | Reached skill level 1 in Armour
   649 | D:4      | Gained mutation: You are partially covered in sharp spines.
                  | [demonic ancestry]
   649 | D:4      | Reached XP level 3. HP: 23/27 MP: 3/3
   654 | D:4      | Gained mutation: You are mostly covered in sharp spines.
                  | [demonic ancestry]
   654 | D:4      | Reached XP level 4. HP: 28/34 MP: 4/4
  1149 | D:2      | Noticed Jessica
  1151 | D:2      | Gained mutation: You have sharp toenails. [demonic
                  | ancestry]
  1151 | D:2      | Reached XP level 5. HP: 40/41 MP: 5/5
  1154 | D:2      | Killed Jessica
  1320 | D:2      | Reached skill level 4 in Axes
  2794 | D:3      | Identified the +1 battleaxe "Buebotus" {venom, Will+ rCorr
                  | Str-4 Int+4}
  2859 | D:3      | Found a shadowy altar of Dithmenos.
  2988 | D:3      | Gained mutation: You have razor-sharp toenails. [demonic
                  | ancestry]
  2988 | D:3      | Reached XP level 6. HP: 43/47 MP: 6/6
  3332 | D:4      | Found Siryonippa's Antique Weapon Shop.
  3839 | D:4      | Found Dasiucofe's Antique Weapon Shop.
  3878 | D:4      | Found Arghuig's Antique Armour Boutique.
  3926 | D:4      | Found Paafoips's Antique Weapon Emporium.
  4127 | D:5      | Entered Level 5 of the Dungeon
  4152 | D:5      | Reached skill level 5 in Axes
  4157 | D:5      | Gained mutation: You are surrounded by a mild repulsion
                  | field. (EV +2) [demonic ancestry]
  4157 | D:5      | Reached XP level 7. HP: 46/52 MP: 7/7
  4342 | D:5      | Reached skill level 1 in Stealth
  4795 | D:5      | Found a staircase to the Ecumenical Temple.
  4800 | D:5      | Reached skill level 6 in Axes
  4803 | Temple   | Entered the Ecumenical Temple
  4968 | Temple   | Became a worshipper of Warmaster Okawaru
  5187 | D:6      | Found Woivuot's Lightly-Used Armoury.
  5201 | D:6      | Found Pimeon's Book Shop.
  5362 | D:6      | Noticed Menkaure
  5393 | D:6      | Killed Menkaure
  5394 | D:6      | Reached XP level 8. HP: 32/60 MP: 8/8
  5581 | D:6      | Found Zaodagapt's Armour Shop.
  5725 | D:6      | Reached * piety under Okawaru
  5830 | D:6      | Reached skill level 7 in Axes
  6267 | D:6      | Found a hide-covered altar of Uskayaw.
  6305 | D:6      | Found Irrea's Antique Armour Shop.
  6305 | D:6      | Found Donaebri's Magic Scroll Shop.
  6306 | D:6      | Found Buthiwk's Magic Scroll Shop.
  6312 | D:6      | Bought a scroll of identify for 24 gold pieces
  6764 | D:7      | Reached skill level 5 in Dodging
  6882 | D:7      | Found a flagged portal.
  6901 | Bailey   | Entered a bailey
  6909 | Bailey   | Noticed an orc knight
  6909 | Bailey   | Noticed an orc knight
  7058 | D:7      | Noticed Prince Ribbit
  7079 | D:7      | Killed Prince Ribbit
  7080 | D:7      | Reached skill level 8 in Axes
  7080 | D:7      | Gained mutation: You are robust. (+10% HP) [demonic
                  | ancestry]
  7080 | D:7      | Reached XP level 9. HP: 32/73 MP: 5/9
  7306 | D:7      | Found a burning altar of Makhleb.
  7311 | D:7      | Reached skill level 5 in Fighting
  7311 | D:7      | Reached skill level 1 in Invocations
  7378 | D:7      | Found Moshajumu's Magic Scroll Shop.
  7463 | D:7      | Reached ** piety under Okawaru
  7997 | D:8      | Reached skill level 9 in Axes
  8206 | D:8      | Noticed a deep elf pyromancer
  8217 | D:8      | Killed a deep elf pyromancer
  8291 | D:8      | Reached *** piety under Okawaru
  8312 | D:8      | Found a broken altar of Ashenzari.
  8336 | D:8      | Noticed Maggie
  8350 | D:8      | Killed Maggie
  8505 | D:8      | Reached XP level 10. HP: 82/82 MP: 11/11
  8566 | D:8      | Got Sif Muna's Volume of Creative Shape Shifting
  8801 | D:8      | Reached **** piety under Okawaru
  8802 | D:8      | Reached skill level 10 in Axes
  9189 | D:8      | Found an ancient bone altar of Kikubaaqudgha.
  9564 | D:9      | Noticed a skeletal warrior
  9564 | D:9      | Noticed a skeletal warrior
  9564 | D:9      | Noticed a skeletal warrior
  9564 | D:9      | Noticed a skeletal warrior
  9885 | D:9      | Noticed a rust devil
 10174 | D:9      | Found a staircase to the Lair.
 10836 | D:9      | Noticed a two-headed ogre
 10848 | D:9      | Killed a two-headed ogre
 10949 | D:9      | HP: 3/84 [skeletal warrior[a skeletal warrior] (21)]
 10949 | D:9      | Slain by a skeletal warrior

Illustrated notes

Levels and vault maps discovered:
D:1:      lightli_arrival_lavapool, layout_basic,
          shapermc_ecumenical_altar_totnotflames
D:2:      layout_loops_ring, columned_hall_lemuel, item_on_display_a,
          uniq_jessica
D:3:      layout_basic, marbit_many_paths, minmay_checkerbox
D:4:      layout_rooms, serial_shops, kennysheep_mini, shop, shop_fountains,
          nicolae_lakefront_shop
D:5:      layout_rooms, minmay_temple_entry_fiery, minmay_lizard_king
D:6:      layout_basic, pf_just_have_faith, nicolae_uskayaw_suspiria,
          serial_shops, nicolae_stop_n_shop_1, minmay_misc_feat_pillars,
          minmay_shop_damaged, minmay_shop_grid_forest, uniq_menkaure
D:7:      layout_cave_pools, old_standard_altar, enter_bailey_5, serial_shops,
          shop, uniq_prince_ribbit1
D:8:      kennysheep_seaside_town, layout_loops_corners,
          kiku_gazebo_garden_becter, mainiacjoe_overflow_catwalk, uniq_maggie
D:9:      layout_rooms, erik_lair_orcish_takeover
Temple:   dpeg_chambers_temple

Skill      XL: |  1  2  3  4  5  6  7  8  9 10 |
---------------+-------------------------------+-----
Axes           | 3 4 5 6 8 9 10 | 10.9
Dodging        | 3 4 5 6 |  6.8
Armour         | 1 2 3 4 |  4.3
Fighting       | 3 4 5 6 |  6.6
Stealth        | 1 3 4 |  4.2
Invocations    | 2 |  2.6
Throwing       | |  1.9

Action                   |  1- 3 |  4- 6 |  7- 9 | 10-12 || total
-------------------------+-------+-------+-------+-------++-------
Melee: War axe           |    32 |   101 |   182 |   158 ||   473
       Kick              |       |    19 |    58 |    68 ||   145
       Punch             |       |       |     2 |     3 ||     5
Throw: Throwing net      |       |       |     1 |       ||     1
Invok: Heroism           |       |       |     9 |     8 ||    17
  Use: Scroll            |       |       |       |     3 ||     3
 Stab: Held in net/web   |       |       |     2 |       ||     2
       Sleeping          |       |       |     2 |       ||     2
Armor: Leather armour    |    15 |    15 |    46 |       ||    76
       Steam dragon scal |       |       |     1 |    35 ||    36
Dodge: Dodged            |    38 |    76 |   187 |   123 ||   424

Table legend: (Time is in decaauts)
 A = Elapsed time spent in this place.
 B = Non-inter-level travel time spent in this place.
 C = Inter-level travel time spent in this place.
 D = Time resting spent in this place.
 E = Time spent auto-exploring this place.
 F = Levels seen in this place.
 G = Mean time per level.
                   A        B        C        D        E       F      G
               +--------+--------+--------+--------+--------+-----+--------+
         Total |  10996 |  10665 |    331 |   1430 |   7031 |  11 |  999.6 |
       Dungeon |  10745 |  10435 |    310 |   1430 |   6887 |   9 | 1193.9 |
        Temple |    186 |    165 |     21 |      0 |    144 |   1 |  186.0 |
        Bailey |     64 |     64 |      0 |      0 |      0 |   1 |   64.0 |
               +--------+--------+--------+--------+--------+-----+--------+

Top non-repeatable levels by time:
     D:8: 2394 daAuts
     D:6: 1513 daAuts
     D:2: 1209 daAuts
     D:1: 1078 daAuts
     D:3: 1019 daAuts
     D:7: 937 daAuts
     D:5: 921 daAuts
     D:4: 861 daAuts
     D:9: 810 daAuts
  Temple: 186 daAuts
  Bailey: 64 daAuts
